 Dungeon Crawl Stone Soup version 0.29.1-15-g9cfb28693d (webtiles) character file.

Game seed: 5383410107929815354

0 sampeng1 the Chopper (level 1, -2/18 HPs)
             Began as a Human Berserker on May 10, 2023.
             Was a Follower of Trog.
             Slain by a hobgoblin
             ... wielding a +0 hand axe
              (5 damage)
             ... on level 1 of the Dungeon.
             The game lasted 00:00:14 (49 turns).

sampeng1 the Chopper (Human Berserker)                Turns: 49, Time: 00:00:16

Health: -2/18      AC:  2    Str: 17    XL:     1   Next: 11%
Magic:  1/1        EV: 12    Int:  7    God:    Trog [*.....]
Gold:   12         SH:  0    Dex: 12    Spells: 0/0 levels left

rFire   . . .      SeeInvis .   a - +0 hand axe
rCold   . . .      Faith    .   (no shield)
rNeg    . . .      Spirit   .   b - +0 animal skin
rPois   .          Reflect  .   (no helmet)
rElec   .          Harm     .   (no cloak)
rCorr   .          Rampage  .   (no gloves)
Will    .....                   (no boots)
Stlth   +.........              (no amulet)
HPRegen 0.06/turn               (no ring)
MPRegen 0.07/turn               (no ring)

@: very slow
A: no striking features
a: Renounce Religion, Berserk


You were on level 1 of the Dungeon.
You worshipped Trog.
Trog was aware of your devotion.
You visited 1 branch of the dungeon, and saw 1 of its levels.

You collected 12 gold pieces.

Inventory:

Hand Weapons
 a - a +0 hand axe (weapon)
Armour
 b - a +0 animal skin (worn)
Scrolls
 d - a scroll of magic mapping {unknown}
Potions
 c - a potion of degeneration {unknown}


   Skills:
 + Level 3.0 Fighting
 + Level 3.0 Axes
 + Level 2.0 Armour
 + Level 2.0 Dodging


You couldn't memorise any spells.
You didn't know any spells.
Your spell library was empty.

Dungeon Overview and Level Annotations

Branches:
Dungeon (1/15)

Altars:


Message History

You hit the plant but do no damage. You hit the plant.
The plant begins to die.
You hit the plant but do no damage.
A goblin comes into view. It is wielding a +0 dagger.
The kobold throws a stone.
The stone hits you.
Your unstable footing causes you to fumble your attack.
The giant cockroach bites the plant.
The plant begins to die.
You hit the plant.
The plant begins to die.
The plant is lightly damaged.
You completely miss the plant. You hit the plant.
The plant begins to die.
You hit the plant.
The plant is lightly damaged.
You hit the plant. You completely miss the plant.
You closely miss the ball python.
A nearby plant withers and dies.
The ball python closely misses you. x2
You hit the plant.
The plant is lightly damaged.
You closely miss the ball python. You hit the plant.
A nearby plant withers and dies. x2; The ball python closely misses you.
The ball python grabs you. The ball python constricts you.
The kobold hits the plant with a +0 dagger.
The ball python bites you. The ball python constricts you.
Your unstable footing causes you to fumble your attack.
A nearby plant withers and dies.
The ball python closely misses you. The ball python constricts you.
You hit the ball python but do no damage.
You closely miss the hobgoblin. The ball python misses you.
The ball python constricts you. The hobgoblin closely misses you.
You hit the ball python.
You kill the ball python!
Trog accepts your kill.
You barely miss the hobgoblin.
The hobgoblin hits you with a +0 hand axe.
You hit the hobgoblin.
The hobgoblin is heavily wounded.
You hit the giant cockroach. You closely miss the kobold.
The hobgoblin hits you with a +0 hand axe.
The kobold hits you with a +0 dagger.
* * * LOW HITPOINT WARNING * * *
The hobgoblin hits you with a +0 hand axe.
You die...

######..#####.
#.............
#..........##.
#.............
#..........#.>
##.########## .
##..#.PP.##
#..~~~~~.~#
#P~~~♣~♣@K#
##P~♣♣♣♣Bgg.....
#P~♣ ♣♣~~~....
#P~~ P.P....
#.PP♣ ~P.....
#.P~P P......
#.P~P~ .##....
## ....


You could see a giant cockroach, a hobgoblin, a goblin and a kobold.

Vanquished Creatures
  A ball python (D:1)
1 creature vanquished.

Vanquished Creatures (others)
  4 plants (D:1)
4 creatures vanquished.

Grand Total: 5 creatures vanquished

Notes
Turn   | Place    | Note
-------+----------+-------------------------------------------
     0 | D:1      | sampeng1 the Human Berserker began the quest for the Orb.
     0 | D:1      | Reached XP level 1. HP: 18/18 MP: 1/1
    49 | D:1      | Slain by a hobgoblin

Illustrated notes

Levels and vault maps discovered:
D:1:      dpeg_arrival_short_road, layout_rooms, serial_bayou,
          serial_bayou_lake_a, serial_bayou_pond_e, serial_bayou_lagoon_a,
          serial_bayou_pond_e, serial_bayou_pond_c,
          ebering_ecumenical_altar_ruins, serial_park_tiny_1

Action                   || total
-------------------------++-------
Melee: Hand axe          ||     9
Dodge: Dodged            ||     6
